 Dungeon Crawl Stone Soup version 0.13-a0-2236-g7be3fc8 (webtiles) character file.

487 crypto177 the Digger (level 6, 0/45 HPs)
             Began as a Gargoyle Earth Elementalist on July 4, 2013.
             Slain by a gnoll
             ... wielding a +0,+0 flail
              (1 damage)
             ... on Level 4 of the Dungeon.
             The game lasted 00:42:09 (3840 turns).

crypto177 the Digger (Gargoyle Earth Elementalist)  Turns: 3840, Time: 00:42:10

HP   0/45        AC 10     Str 12      XL: 6   Next: 29%
MP   3/11        EV  6     Int 17      God:
Gold 203         SH  0     Dex 10      Spells:  3 memorised,  3 levels left

Res.Fire  : . . .   See Invis. : .   j - +2,+1 trident (protect)
Res.Cold  : + . .   Warding    : .   c - +0 robe
Life Prot.: + . .   Conserve   : .   s - +0 orc buckler
Res.Poison: .       Res.Corr.  : .   (no helmet)
Res.Elec. : .       Clarity    : .   (no cloak)
Sust.Abil.: . .     Spirit.Shd : .   (no gloves)
Res.Mut.  : .       Stasis     : .   (no boots)
Res.Rott. : .       Flight     : .   (no amulet)
Saprovore : . . .                    (no ring)
                                     (no ring)

@: stone skin, invisible (but backlit and visible), very slightly contaminated,
held, glowing, slightly resistant to hostile enchantments, very unstealthy
A: fangs 1, talons 2, cold resistance 1, life protection 1, slow metabolism 1,
petrification resistance, trample resistance
a: no special abilities


You were on level 4 of the Dungeon.
You were not hungry.

You visited 1 branch of the dungeon, and saw 4 of its levels.

You collected 183 gold pieces.

Inventory:

Hand weapons
 j - a +2,+1 trident of protection (weapon)
 n - a +1,+0 short sword of venom
 r - a +0 blowgun
Missiles
 b - 75 stones (quivered)
 g - 16 darts of frost
 x - 27 poisoned needles
Armour
 c - a +0 robe (worn)
 s - a +0 orcish buckler (worn)
Comestibles
 a - 2 bread rations
Scrolls
 e - 2 scrolls of enchant weapon II {unknown}
 f - 5 scrolls of identify {unknown}
 h - 3 scrolls of remove curse {unknown}
 i - 2 scrolls of teleportation {unknown}
 k - 3 scrolls of enchant weapon I {unknown}
 m - a scroll of noise {unknown}
 o - a scroll of magic mapping {unknown}
 p - a scroll of fog {unknown}
 t - a scroll of random uselessness {unknown}
Jewellery
 w - an uncursed ring of sustain abilities {unknown}
Potions
 u - a potion of magic {unknown}
 z - a potion of restore abilities {unknown}
Books
 d - a book of Geomancy

   Spells                             Type                      Level
   *Sandblast                         Earth                        1
   *Stoneskin                         Transmutation/Earth          2
   Passwall                           Transmutation/Earth          3
   *Stone Arrow                       Conjuration/Earth            3
   Petrify                            Transmutation/Earth          4
   Lee's Rapid Deconstruction         Earth                        5


   Skills:
 + Level 0.3 Polearms
 - Level 1.7 Dodging
 - Level 2.1 Stealth
 * Level 1.8 Shields
 - Level 2.1 Spellcasting
 * Level 2.1 Conjurations
 - Level 1.0 Transmutations
 - Level 7.0 Earth Magic


You had 3 spell levels left.
You knew the following spells:

 Your Spells              Type           Power        Failure   Level  Hunger
a - Sandblast             Erth           ####..       1%          1    #......
b - Stoneskin             Trmt/Erth      ###.......   6%          2    ##.....
c - Stone Arrow           Conj/Erth      ###...       10%         3    ####...


Dungeon Overview and Level Annotations

Branches:
Dungeon (4/27)
 Temple: D:4-7

Altars:

Annotations
D:3 Grinder


Innate Abilities, Weirdness & Mutations

You have very sharp teeth.
You have razor-sharp toenails.
Your flesh is cold resistant.
You resist negative energy.
You have a slow metabolism.
You are immune to petrification.
You are resistant to trampling.


Message History

* * * LOW HITPOINT WARNING * * *
The gnoll hits you but does no damage.
You slip out of the net!
The gnoll hits you but does no damage. The gnoll closely misses you.
The gnoll shaman calls upon its god to speed up the gnoll.
The gnoll seems to speed up.
The gnoll hits you but does no damage. The gnoll barely misses you.
The gnoll hits you but does no damage.
The gnoll picks up a throwing net [frayed].
The gnoll hits you but does no damage.
You are very lightly contaminated with residual magic.
The gnoll throws a throwing net [frayed].
The throwing net [frayed] hits you!
You become entangled in the net!
* * * LOW HITPOINT WARNING * * *
You see here a throwing net [frayed].
You try to slip out of the net.
The gnoll shaman hits you with a whip.
* * * LOW HITPOINT WARNING * * *
You try to slip out of the net.
The gnoll hits you but does no damage. The gnoll hits you but does no damage.
The gnoll hits you with a flail.
You die... #.................## #..................# #.................## #..................# #..................# #....$.............# #g..... ........g.## g.g

.......ggg.#
...>.....@g##
.............#
..............#
..............##
..............#
..............##
................#
................#
................#


You could see a gnoll shaman and 4 gnolls.

Vanquished Creatures
  An orc priest (D:3)
  An iguana (D:3)
  An orc wizard (D:3)
  A worker ant (D:4)
  Ijyb (D:2)
  4 adders
  3 gnolls (D:3)
  An inept feature mimic (D:3)
  A giant mite (D:2)
  2 worms
  3 giant geckos
  2 oozes
  4 orcs (D:3)
  6 bats
  4 giant cockroaches
  8 goblins
  8 hobgoblins
  10 kobolds
  2 quokkas
  2 giant newts (D:2)
  6 rats
71 creatures vanquished.

Vanquished Creatures (others)
  A hobgoblin (D:3)
1 creature vanquished.

Grand Total: 72 creatures vanquished

Notes
Turn   | Place    | Note
--------------------------------------------------------------
     0 | D:1      | crypto177, the Gargoyle Earth Elementalist, began the quest for the Orb.
     0 | D:1      | Reached XP level 1. HP: 14/14 MP: 3/3
   113 | D:1      | Reached XP level 2. HP: 20/20 MP: 2/4
   117 | D:1      | Learned a level 2 spell: Stoneskin
   358 | D:1      | Reached skill level 5 in Earth Magic
   869 | D:2      | Reached XP level 3. HP: 26/26 MP: 5/5
  1241 | D:2      | Reached skill level 6 in Earth Magic
  1510 | D:2      | Reached XP level 4. HP: 29/33 MP: 1/7
  1686 | D:2      | Noticed Ijyb
  1693 | D:2      | Killed Ijyb
  2049 | D:3      | Reached skill level 7 in Earth Magic
  2200 | D:3      | Reached skill level 1 in Transmutations
  2226 | D:3      | Reached XP level 5. HP: 33/38 MP: 4/8
  2255 | D:3      | Noticed Grinder
  2626 | D:3      | Learned a level 3 spell: Stone Arrow
  3392 | D:3      | Reached skill level 1 in Shields
  3392 | D:3      | Reached skill level 1 in Conjurations
  3396 | D:3      | Reached XP level 6. HP: 30/45 MP: 0/11
  3839 | D:4      | HP: 1/45 [gnoll shaman/whip (3)]
  3840 | D:4      | Slain by a gnoll

Action                   |  1- 3 |  4- 6 || total
-------------------------+-------+-------++-------
Melee: Unarmed           |     7 |       ||     7
       Short sword       |     3 |     9 ||    12
       Trident           |       |    12 ||    12
Throw: Stone             |     4 |       ||     4
 Cast: Sandblast         |    49 |   106 ||   155
       Stoneskin         |       |    10 ||    10
       Stone Arrow       |       |     3 ||     3
  Use: Potion            |       |     3 ||     3
 Stab: Sleeping          |       |     1 ||     1
